 Dungeon Crawl Stone Soup version 0.30-a0-50-gb2d611f6b1 (webtiles) character file.

Game seed: 12168321576366024296

98 purpskrrrp the Trooper (level 4, 0/38 HPs)
             Began as a Demigod Fighter on Sept 4, 2022.
             Slain by a gnoll
             ... wielding a +0 spear
              (2 damage)
             ... on level 3 of the Dungeon.
             The game lasted 00:05:59 (1913 turns).

purpskrrrp the Trooper (Demigod Fighter)            Turns: 1913, Time: 00:05:59

Health: 0/38       AC:  9    Str: 21    XL:     4   Next: 21%
Magic:  6/6        EV: 13    Int: 10    God:
Gold:   66         SH:  5    Dex: 13    Spells: 3/3 levels left

rFire   . . .      SeeInvis .    a - +0 flail
rCold   . . .      Faith    .    c - +1 buckler
rNeg    . . .      Spirit   .    b - +0 scale mail
rPois   +          Reflect  .    (no helmet)
rElec   .          Harm     .    d - +2 cloak {Will+}
rCorr   .          Rampage  .    (no gloves)
Will    +....                    (no boots)
Stlth   ..........               (no amulet)
HPRegen 0.12/turn                e - +4 ring of evasion
MPRegen 0.10/turn                k - ring of poison resistance

@: no status effects
A: high MP 1, forlorn, divine attributes
a: no special abilities


You were on level 3 of the Dungeon.
You visited 1 branch of the dungeon, and saw 3 of its levels.

You collected 66 gold pieces.

Inventory:

Hand Weapons
 a - a +0 flail (weapon)
 g - the +5 hammer of the Heart {pain, Fragile Int+5 Dex+4 Stlth+}
   (You found it on level 2 of the Dungeon)

   In the hands of one skilled in necromantic magic, it inflicts extra damage on
   living creatures.
   Int:       It affects your intelligence (+5).
   Dex:       It affects your dexterity (+4).
   Fragile:   It will be destroyed if unequipped.
   Stlth:     It makes you more stealthy.
 h - a +4 quarterstaff of chaos
Missiles
 j - 6 poisoned darts (quivered)
 n - 2 atropa-tipped darts
Armour
 b - a +0 scale mail (worn)
 c - a +1 buckler (worn)
 d - a +2 cloak of willpower (worn)
Jewellery
 e - a +4 ring of evasion (left hand)
 i - a ring of ice
 k - a ring of poison resistance (right hand)
 q - a +6 ring of intelligence
Potions
 f - 2 potions of heal wounds {unknown}
 l - 3 potions of haste {unknown}
 m - a potion of mutation {unknown}
 o - 3 potions of attraction {unknown}
 p - a potion of curing {unknown}
 r - 2 potions of lignification {unknown}


   Skills:
 + Level 3.1 Fighting
 * Level 2.9 Maces & Flails
 + Level 3.1 Armour
 + Level 1.2 Dodging
 + Level 3.1 Shields


You had 3 spell levels left.
You didn't know any spells.
Your spell library was empty.

Dungeon Overview and Level Annotations

Branches:
Dungeon (3/15)


Innate Abilities, Weirdness & Mutations

You have an increased reservoir of magic. (+10% MP)
You shall have no god before yourself.
Your divine heritage dramatically boosts your attributes as you level up.


Message History

The gnoll is moderately wounded.
The gnoll hits you from afar with a +0 spear.
You block the gnoll's attack.
You hit the gnoll.
The gnoll is heavily wounded.
You block the gnoll's attack. The gnoll hits you but does no damage.
You hit the gnoll.
The gnoll is heavily wounded.
The gnoll closely misses you. The gnoll misses you.
The gnoll closely misses you.
You completely miss the gnoll.
The gnoll is heavily wounded.
The gnoll barely misses you. The gnoll hits you but does no damage.
You hit the gnoll.
You kill the gnoll!
You block the gnoll's attack. The gnoll hits you but does no damage.
The gnoll hits you with a +0 halberd.
You see here a +0 whip.
You hit the gnoll.
The gnoll is heavily wounded.
The gnoll misses you.
The gnoll hits you with a +0 halberd. x2
The gnoll hits you from afar with a +0 spear.
* * * LOW HITPOINT WARNING * * *
You hit the gnoll but do no damage.
The gnoll is heavily wounded.
You block the gnoll's attack. The gnoll hits you but does no damage.
You closely miss the gnoll.
The gnoll is heavily wounded.
The gnoll hits you from afar with a +0 spear.
* * * LOW HITPOINT WARNING * * *
The gnoll barely misses you.
You closely miss the gnoll.
The gnoll is heavily wounded.
You block the gnoll's attack. x2; The gnoll hits you but does no damage.
The gnoll hits you from afar with a +0 spear.
* * * LOW HITPOINT WARNING * * *
You hit the gnoll but do no damage.
The gnoll is heavily wounded.
The gnoll hits you from afar with a +0 spear.
You die...

#.####.##..##
#...[.<...... ###
###...###....# #..
#............# #.#
#......##.#..#
#######.####.....#
<#
.................#
#
######.####........
#@# #....##.. #g#
#....# ... #g#
#....# .. #g#
#.#### #.# #.. #.#
## #.. ###


You could see 3 gnolls.

Vanquished Creatures
  Crazy Yiuf (D:2)
  An adder (D:2)
  A gnoll (D:3)
  2 dart slugs (D:1)
  3 endoplasms (D:1)
  A giant cockroach (D:1)
  4 goblins
  3 hobgoblins
  4 jackals (D:1)
  5 kobolds
  3 quokkas
  3 ball pythons
  6 bats
  2 frilled lizards (D:1)
  2 rats
41 creatures vanquished.

Notes
Turn   | Place    | Note
-------+----------+-------------------------------------------
     0 | D:1      | purpskrrrp the Demigod Fighter began the quest for the Orb.
     0 | D:1      | Reached XP level 1. HP: 18/18 MP: 3/3
   383 | D:1      | Reached XP level 2. HP: 22/25 MP: 4/4
   909 | D:1      | Reached XP level 3. HP: 29/30 MP: 5/5
  1287 | D:2      | Found a runed translucent door.
  1288 | D:2      | Noticed Crazy Yiuf
  1771 | D:2      | Killed Crazy Yiuf
  1772 | D:2      | Reached skill level 1 in Dodging
  1772 | D:2      | Reached XP level 4. HP: 28/38 MP: 6/6
  1781 | D:2      | Identified the +5 hammer of the Heart {pain, Fragile Int+5
                  | Dex+4 Stlth+}
  1913 | D:3      | Slain by a gnoll

Illustrated notes

Levels and vault maps discovered:
D:1:      dpeg_arrival_connections, layout_basic,
          dreamdust_ecumenical_altar_angels_and_demons
D:2:      layout_rooms, uniq_crazy_yiuf_cottage
D:3:      layout_basic

Skill      XL: |  1  2  3 |
---------------+----------+-----
Maces & Flails | 2 |  2.9
Armour         | 3 |  3.1
Fighting       | 3 |  3.1
Shields        | 3 |  3.1
Dodging        | 1 |  1.2

Action                   |  1- 3 |  4- 6 || total
-------------------------+-------+-------++-------
Melee: Flail             |   140 |    15 ||   155
Throw: Dart              |     3 |       ||     3
  Use: Scroll            |     7 |       ||     7
       Potion            |     1 |       ||     1
Armor: Scale mail        |    59 |     7 ||    66
Dodge: Dodged            |   123 |    12 ||   135
Block: Buckler           |    43 |     7 ||    50

Table legend: (Time is in decaauts)
 A = Elapsed time spent in this place.
 B = Non-inter-level travel time spent in this place.
 C = Inter-level travel time spent in this place.
 D = Time resting spent in this place.
 E = Time spent auto-exploring this place.
 F = Levels seen in this place.
 G = Mean time per level.
                   A        B        C        D        E       F      G
               +--------+--------+--------+--------+--------+-----+--------+
         Total |   1946 |   1887 |     59 |    162 |   1337 |   3 |  648.7 |
       Dungeon |   1946 |   1887 |     59 |    162 |   1337 |   3 |  648.7 |
               +--------+--------+--------+--------+--------+-----+--------+

Top non-repeatable levels by time:
     D:1: 1222 daAuts
     D:2: 692 daAuts
     D:3: 31 daAuts
